 Dungeon Crawl Stone Soup version 0.21-a0-517-gd76cfe0 (webtiles) character file.

11 slep the Skirmisher (level 2, 0/25 HPs)
             Began as a Barachi Monk on Dec 4, 2017.
             Slain by a hobgoblin (2 damage)
             ... on level 1 of the Dungeon.
             The game lasted 00:00:55 (125 turns).

slep the Skirmisher (Barachi Monk)                   Turns: 125, Time: 00:00:56

Health: 0/25       AC:  2    Str: 12    XL:     2   Next: 29%
Magic:  2/2        EV: 13    Int: 10    God:
Gold:   2          SH:  0    Dex: 14    Spells: 1/1 levels left

rFire    . . .     SeeInvis .   a - +0 hand axe
rCold    . . .     Gourm    .   (no shield)
rNeg     . . .     Faith    .   b - +0 robe
rPois    .         Spirit   .   (no helmet)
rElec    .         Reflect  .   (no cloak)
rCorr    .         Harm     .   (no gloves)
MR       .....                  (no boots)
Stlth    ++........             (no amulet)
HPRegen  0.08/turn              (no ring)
MPRegen  0.08/turn              (no ring)

@: slow
A: +LOS, swims, slowness 1, strong legs 1
a: Hop


You were on level 1 of the Dungeon.
You were not hungry.

You visited 1 branch of the dungeon, and saw 1 of its levels.

You collected 2 gold pieces.

Inventory:

Hand Weapons
 a - a +0 hand axe (weapon)
Armour
 b - a +0 robe (worn)
Scrolls
 d - a scroll of remove curse {unknown}
 e - a scroll of fear {unknown}
Comestibles
 c - 2 bread rations


   Skills:
 + Level 3.8 Fighting
 + Level 3.6 Axes
 + Level 3.5 Dodging
 + Level 1.9 Stealth


You had one spell level left.
You didn't know any spells.

Dungeon Overview and Level Annotations

Branches:
Dungeon (1/15)

Altars:


Innate Abilities, Weirdness & Mutations

Shadows flee at your approach. (+LOS)
You can swim through water.
You cover ground slowly.
You can hop short distances.


Message History

The jackal bites you.
* * * LOW HITPOINT WARNING * * *
The jackal misses you.
You completely miss the jackal.
The jackal is almost dead.
You hit the jackal.
You kill the jackal!
The jackal bites you.
* * * LOW HITPOINT WARNING * * *
The jackal bites you.
* * * LOW HITPOINT WARNING * * *
You hit the jackal.
You kill the jackal!
You hit the hobgoblin.
The hobgoblin is heavily wounded.
The hobgoblin barely misses you.
You closely miss the hobgoblin.
The hobgoblin is heavily wounded.
The hobgoblin hits you.
You die...

###...# #.##.##.##
.....###.#.(>....
#.#.....†.......
#...##.###.##... ####
#.#.#...##.#####
##...# #.#..........#
.#.....#
#)#.....##.#.# #
......?†##.#..#.###.#.
## .......g@.......#
#.# ##.
........†....>### #.#
## .......####...# #
.#....# ##..# #.###
#..# # # #..# . ..# #
.#


You could see a hobgoblin.

Vanquished Creatures
  A giant cockroach (D:1)
  A hobgoblin (D:1)
  4 jackals (D:1)
  A kobold (D:1)
  A frilled lizard (D:1)
  2 rats (D:1)
10 creatures vanquished.

Notes
Turn   | Place    | Note
-------+----------+-------------------------------------------
     0 | D:1      | slep the Barachi Monk began the quest for the Orb.
     0 | D:1      | Reached XP level 1. HP: 18/18 MP: 1/1
     2 | D:1      | Noticed a spriggan
     2 | D:1      | Noticed an ogre
     4 | D:1      | Noticed a dwarf
     4 | D:1      | Noticed a vampire
     6 | D:1      | Noticed a demonspawn
     6 | D:1      | Noticed a draconian
     9 | D:1      | Noticed an octopode
     9 | D:1      | Noticed a centaur
    11 | D:1      | Noticed a merfolk
    11 | D:1      | Noticed a demigod
    13 | D:1      | Noticed an elf
    15 | D:1      | Noticed a ghoul
    17 | D:1      | Noticed a vine stalker
    17 | D:1      | Noticed a naga
    19 | D:1      | Noticed a human
    19 | D:1      | Noticed a halfling
    23 | D:1      | Noticed a gargoyle
    23 | D:1      | Noticed a formicid
    25 | D:1      | Noticed a felid
    25 | D:1      | Noticed a tengu
    27 | D:1      | Noticed a troll
    27 | D:1      | Noticed a minotaur
   118 | D:1      | Reached XP level 2. HP: 10/25 MP: 2/2
   125 | D:1      | Slain by a hobgoblin

Vault maps used:
D:1:      kb_arrival_jail

Action                   || total
-------------------------++-------
Melee: Hand axe          ||    28
Armor: Robe              ||     8
Dodge: Dodged            ||    36

Table legend:
 A = Spawn XP
 B = Non-spawn XP
 C = Spawn XP percentage of total XP
 D = Spawn monster count
 E = Non-spawn monster count
 F = Spawn count percentage of total count
 G = Total turns spent on level
                    A         B        C        D         E        F      G
               +---------+---------+-------+---------+---------+-------+---------
         Total |       0 |      17 |   0.0 |       0 |      10 |   0.0 |   125
               +---------+---------+-------+---------+---------+-------+---------
           D:1 |       0 |      17 |   0.0 |       0 |      10 |   0.0 |   125
               +---------+---------+-------+---------+---------+-------+---------
